 Dungeon Crawl Stone Soup version 0.29.1-4-g47bece8355 (webtiles) character file.

Game seed: 16815298088651447462

43 GorkyZ the Covered (level 3, -1/23 HPs)
             Began as a Gargoyle Fighter on Dec 11, 2022.
             Slain by a goblin
             ... wielding a +0 club
             ... led by Robin
              (4 damage)
             ... on level 2 of the Dungeon on Dec 12, 2022.
             The game lasted 00:03:06 (1524 turns).

GorkyZ the Covered (Gargoyle Fighter)               Turns: 1524, Time: 00:03:06

Health: -1/23      AC: 10    Str: 21    XL:     3   Next: 58%
Magic:  3/3        EV:  9    Int:  8    God:
Gold:   87         SH:  4    Dex:  9    Spells: 2/2 levels left

rFire   . . .      SeeInvis .   a - +0 flail
rCold   . . .      Faith    .   c - +0 buckler
rNeg    + . .      Spirit   .   b - +0 scale mail
rPois   ∞          Reflect  .   (no helmet)
rElec   +          Harm     .   (no cloak)
rCorr   .          Rampage  .   (no gloves)
Will    .....                   (no boots)
Stlth   ..........              (no amulet)
HPRegen 0.07/turn               (no ring)
MPRegen 0.08/turn               (no ring)

@: no status effects
A: sickness immunity, AC +3, negative energy resistance 1, electricity
resistance, torment resistance 1, petrification resistance
a: no special abilities


You were on level 2 of the Dungeon.
You visited 1 branch of the dungeon, and saw 2 of its levels.

You collected 87 gold pieces.

Inventory:

Hand Weapons
 a - a +0 flail (weapon)
Armour
 b - a +0 scale mail (worn)
 c - a +0 buckler (worn)
Scrolls
 f - 3 scrolls of identify {unknown}
 g - a scroll of fog {unknown}
 h - a scroll of magic mapping {unknown}
Potions
 d - a potion of might
 e - 3 potions of curing {unknown}


   Skills:
 + Level 3.4 Fighting
 + Level 2.3 Maces & Flails
 + Level 0.9 Throwing
 + Level 3.6 Armour
 + Level 0.5 Dodging
 + Level 3.5 Shields
 + Level 0.8 Evocations


You had 2 spell levels left.
You didn't know any spells.
Your spell library contained the following spells:

 Spells                   Type           Power      Damage    Failure   Level
 Ignite Poison            Fire/Tmut/Pois 0%         N/A       99%         3
 Mephitic Cloud           Conj/Pois/Air  0%         N/A       99%         3
 Freezing Cloud           Conj/Ice/Air   0%         6-21      100%        5


Dungeon Overview and Level Annotations

Branches:
Dungeon (2/15)

Altars:

Annotations:
D:2 Robin


Innate Abilities, Weirdness & Mutations

You are immune to sickness and miasma.
Your stone body is resilient. (AC +3)
You are immune to poison.
You resist negative energy. (rN+)
You are resistant to electric shocks. (rElec)
You are resistant to unholy torment.
You are immune to petrification.


Message History

You block the goblin's attack. The goblin completely misses you.
The goblin hits you with a +0 club. The goblin barely misses you.
The goblin hits you but does no damage.
Robin says, "My goblins will feast on your bones."
You closely miss the goblin. The goblin barely misses you.
The goblin hits you but does no damage. x2; The goblin misses you.
You barely miss the goblin. The goblin hits you but does no damage.
The goblin barely misses you. The goblin hits you with a +0 club.
The goblin hits you with a +0 dagger of venom.
You hit the goblin.
The goblin is heavily wounded.
Robin points. "Kill!"
The goblin completely misses you. The goblin hits you but does no damage.
You block the goblin's attack. The goblin hits you with a +0 club.
The goblin barely misses you. x2; The goblin misses you.
The goblin hits you but does no damage.
You barely miss the goblin.
The goblin is heavily wounded.
The hobgoblin no longer looks unusually strong.
Robin says, "A pitiful Gargoyle like you will never find the ORB!"
Robin roars a battlecry!
The hobgoblin goes into a battle-frenzy!
The goblin completely misses you.
The goblin hits you but does no damage. x2
The goblin hits you with a +0 dagger of venom.
You sock the goblin!
You kill the goblin!
Robin says, "My army is invincible!"
The goblin hits you with a +0 club.
* * * LOW HITPOINT WARNING * * *
The goblin hits you but does no damage. x5; The goblin barely misses you.
You hit the goblin.
You kill the goblin!
The hobgoblin no longer looks unusually strong. x2
The goblin hits you but does no damage. x2; The goblin barely misses you.
You sock the endoplasm!
You kill the endoplasm!
The goblin no longer looks unusually strong. x2
The goblin closely misses you. The goblin barely misses you.
The goblin hits you with a +0 club.
You die...

#.#
#.#########..).....
#.#
#.##...|....>......
#.##
#.##.#######.......
#<.###.##.# #.......
##...÷....# #.......
##....>#######
#####... #....###
..... .##
##..#.###g..... ## #
#...#.g@ggg.... ...
#.#...gg#......
.....###.#.###gg.<....
.........).# ###......
......###.## ...?..
..... #.# ..... ....
#.# ..?.. ... ##.###
### .. #...<#


You could see Robin, 3 hobgoblins and 5 goblins.

Vanquished Creatures
  A worm (D:2)
  A bat (D:1)
  4 endoplasms
  A giant cockroach (D:2)
  6 goblins
  6 hobgoblins
  4 quokkas
  3 ball pythons
  6 kobolds
  3 rats
35 creatures vanquished.

Vanquished Creatures (others)
  16 plants (D:1)
16 creatures vanquished.

Grand Total: 51 creatures vanquished

Notes
Turn   | Place    | Note
-------+----------+-------------------------------------------
     0 | D:1      | GorkyZ the Gargoyle Fighter began the quest for the Orb.
     0 | D:1      | Reached XP level 1. HP: 14/14 MP: 1/1
   138 | D:1      | Reached XP level 2. HP: 19/19 MP: 2/2
   624 | D:1      | Reached XP level 3. HP: 17/23 MP: 3/3
  1419 | D:2      | Found a faded altar of an unknown god.
  1509 | D:2      | Noticed Robin
  1524 | D:2      | Slain by a goblin

Illustrated notes

Levels and vault maps discovered:
D:1:      spicycebolla_arrival_clurvy, layout_loops_ring
D:2:      layout_rooms, shapermc_ecumenical_altar_pompeii, minmay_pentomino_s2,
          uniq_terence, uniq_robin

Action                   || total
-------------------------++-------
Melee: Flail             ||   114
Armor: Scale mail        ||    83
Dodge: Dodged            ||    74
Block: Buckler           ||    31
